AoeStats
← 天策上将李世民

Arena

510086113Analyzed
2v2 RM · 3d ago on Sep 29, 2026· 68m 34s· 4 players
Game mode
Random Map
Map size
Medium (4 player)
Population
200
Speed
Normal
Resources
Standard
Victory
Conquest
Starting age
Dark Age
Ending age
Imperial Age
RankedLock teamsTeams togetherTeam positionsShared explorationLock speedFull tech treeHidden civsTurbo modeCheats
Victory
Defeat
🇦🇷 Goths · Argentina
1009
+14
🇦🇷 Varangians · Argentina
995
+15
🇨🇳 Goths · China
1016
-16
🇨🇳 Danes · China
930
-13
天策上将李世民
10:08 Feudal Age
14:14 Castle Age
12:27 Double-Bit Axe
12:40 Horse Collar
17:34 Forging
17:24 Scale Mail Armor
24:14 Bow Saw
25:17 Wheelbarrow
26:51 Loom
31:39 Imperial Age
30:15 Heavy Plow
31:06 Iron Casting
30:46 Chain Mail Armor
31:31 Hand Cart
31:55 Town Watch
32:54 Conscription
35:13 Perfusion
35:46 Elite Huskarl
36:47 Town Patrol
38:12 Blast Furnace
37:59 Gold Mining
39:12 Two-Man Saw
38:44 Crop Rotation
38:36 Squires
39:15 Man-at-Arms
39:30 Long Swordsman
39:46 Two-Handed Swordsman
40:07 Champion
62:09 Anarchy
洪武大帝朱元璋
11:47 Feudal Age
16:14 Castle Age
14:33 Double-Bit Axe
18:02 Horse Collar
21:53 Squires
23:20 Scale Mail Armor
23:47 Gambesons
24:30 Arson
29:55 Heavy Plow
30:33 Wheelbarrow
30:03 Town Watch
30:33 Masonry
30:20 Murder Holes
31:02 Hamask
35:40 Imperial Age
34:08 Bow Saw
35:47 Loom
36:21 Chain Mail Armor
36:16 Forging
35:57 Fletching
36:08 Padded Archer Armor
37:25 Hand Cart
37:11 Town Patrol
44:32 Plate Mail Armor
44:38 Iron Casting
44:30 Conscription
44:45 Elite Varangian Guard
55:11 Gold Mining
57:17 Hoardings
56:38 Elite Skirmisher
57:24 Thumb Ring
66:14 Blast Furnace
Dixon
11:27 Feudal Age
15:24 Castle Age
13:19 Double-Bit Axe
13:18 Horse Collar
16:13 Man-at-Arms
18:12 Heavy Plow
21:59 Forging
21:49 Scale Mail Armor
22:43 Scale Mail Armor
26:29 Wheelbarrow
27:31 Gold Mining
32:41 Imperial Age
30:38 Hand Cart
31:29 Anarchy
32:56 Iron Casting
32:37 Chain Mail Armor
32:50 Bow Saw
33:48 Conscription
34:37 Two-Man Saw
35:04 Crop Rotation
34:48 Perfusion
34:53 Elite Huskarl
37:01 Blast Furnace
41:23 Long Swordsman
42:44 Two-Handed Swordsman
43:02 Champion
63:18 Caravan
63:51 Coinage
63:52 Stone Mining
67:19 Squires
Franchies 
11:59 Feudal Age
15:39 Castle Age
13:35 Loom
14:56 Stone Mining
16:09 Horse Collar
24:12 Heavy Plow
23:58 Double-Bit Axe
29:19 Gold Mining
39:36 Imperial Age
38:50 Stone Shaft Mining
40:54 Crop Rotation
40:35 Bow Saw
41:16 Conscription
40:21 Gothikon
43:20 Elite Jarl
45:55 Onager
50:41 Forging
51:35 Caravan
53:39 Iron Casting
56:29 Heavy Scorpion
60:57 Vendel Legacy
63:14 Guilds
Connection lost

Rejoining the realm…

Still unreachable

The connection could not be restored.

Session expired

The server has moved on; the page needs a fresh start.